 Dungeon Crawl Stone Soup version bcrawl-1.21.3-16-g7f46a08de7 (webtiles) character file.

Game seed: 12592416971727730009

113 Mrkan the Skirmisher (level 4, -2/40 HPs)
             Began as a Draconian Fighter on May 1, 2020.
             Was an Initiate of Makhleb.
             Slain by a bullfrog (7 damage)
             ... on level 3 of the Dungeon.
             The game lasted 00:03:15 (2797 turns).

Mrkan the Skirmisher (Draconian Fighter)            Turns: 2797, Time: 00:03:16

Health: -2/40      AC:  7    Str: 19    XL:     4   Next: 65%
Magic:  4/4        EV: 10    Int:  8    God:    Makhleb [......]
Gold:   239        SH:  9    Dex: 11    Spells: 3/3 levels left

rFire    . . .     SeeInvis .   a - +0 war axe
rCold    . . .     Gourm    .   b - +0 medium shield
rNeg     . . .     Faith    .   (armour unavailable)
rPois    .         Spirit   .   (helmet restricted)
rElec    .         Reflect  .   v - +0 cloak
rCorr    .         Harm     .   q - +0 pair of gloves
MR       .....                  (no boots)
Stlth    +.........             (no amulet)
HPRegen  0.13/turn              (no ring)
MPRegen  0.09/turn              (no ring)

@: no status effects
A: unfitting armour, cold-blooded, AC +5
a: Renounce Religion


You were on level 3 of the Dungeon.
You worshipped Makhleb.
Makhleb was noncommittal.
You were near starving.

You visited 1 branch of the dungeon, and saw 3 of its levels.

You collected 239 gold pieces.

Inventory:

Hand Weapons
 a - a +0 war axe (weapon)
 w - a +0 vampiric spear
Missiles
 p - 148 javelins (quivered)
Armour
 b - a +0 medium shield (worn)
 q - a +0 pair of gloves (worn)
 v - a +0 cloak (worn)
Jewellery
 d - a +2 ring of evasion {unknown}
 f - a cursed amulet of inaccuracy {unknown}
Scrolls
 g - a scroll of noise {unknown}
 h - 2 scrolls of magic mapping {unknown}
 j - 2 scrolls of blinking {unknown}
 k - 3 scrolls of remove curse {unknown}
 l - a scroll of amnesia {unknown}
 m - a scroll of enchant weapon {unknown}
 r - 4 scrolls of identify {unknown}
 u - a scroll of fog {unknown}
 x - a scroll of teleportation {unknown}
Potions
 c - a potion of might
 i - a potion of heal wounds {unknown}
 n - a potion of haste {unknown}
 o - a potion of invisibility {unknown}
 s - a potion of agility {unknown}
 t - a potion of brilliance {unknown}
Comestibles
 e - 6 rations {!d}


   Skills:
 + Level 4.0 Fighting
 * Level 3.8 Axes
 - Level 2.6 Dodging
 + Level 3.7 Shields


You had 3 spell levels left.
You didn't know any spells.
Your spell library was empty.

Dungeon Overview and Level Annotations

Branches:
Dungeon (3/12)

Altars:
Hepliaklqana
Makhleb
Zin


Innate Abilities, Weirdness & Mutations

Your plain brown scales are hard. (AC +5)
You cannot fit into any form of body armour.
You are cold-blooded and may be slowed by cold attacks.


Message History

The bullfrog closely misses you. The bullfrog hits you!
You barely miss the bullfrog.
The bullfrog is heavily wounded.
You block the bullfrog's attack. The bullfrog barely misses you.
You closely miss the bullfrog.
The bullfrog is heavily wounded.
You block the bullfrog's attack. x2
You hit the bullfrog.
Your tail-slap misses the bullfrog.
The bullfrog is heavily wounded.
The bullfrog hits you!
* * * LOW HITPOINT WARNING * * *
The bullfrog hits you.
* * * LOW HITPOINT WARNING * * *
You barely miss the bullfrog.
The bullfrog is heavily wounded.
The bullfrog closely misses you. You block the bullfrog's attack.
You barely miss the bullfrog.
Your tail-slap misses the bullfrog.
The bullfrog is heavily wounded.
The bullfrog hits you!
You die...

#######..[.#
....^...##.##.
#######.##.##.#.
#.##.##.#.
#.##.#..#.##
#######.##.#.#...###
#..............#...#
#.#####.####.......#
#.# #.# #..F@...##
##.### #.# #........#
.....# #.####........#
.....###.............#
..........###.###.#..#
.....####.###.# #.#..#
............#.###....#
....#####...........>#
...######...#.###..###


You could see a bullfrog.

Vanquished Creatures
  Crazy Yiuf (D:2)
  4 adders
  An ooze (D:2)
  A dart slug (D:2)
  2 worms (D:1)
  2 leopard geckos
  An orc (D:3)
  A giant cockroach (D:1)
  A goblin (D:1)
  2 hobgoblins (D:2)
  2 jackals (D:1)
  6 bats
  2 frilled lizards (D:2)
  7 kobolds
  3 rats (D:1)
36 creatures vanquished.

Notes
Turn   | Place    | Note
-------+----------+-------------------------------------------
     0 | D:1      | Mrkan the Draconian Fighter began the quest for the Orb.
     0 | D:1      | Reached XP level 1. HP: 19/19 MP: 1/1
   220 | D:1      | Reached XP level 2. HP: 22/26 MP: 2/2
  1401 | D:2      | Found a burning altar of Makhleb.
  1406 | D:2      | Became a worshipper of Makhleb the Destroyer
  1608 | D:2      | Found a runed door.
  1653 | D:2      | Found a hazy altar of Hepliaklqana.
  1778 | D:2      | Reached XP level 3. HP: 30/31 MP: 3/3
  1812 | D:2      | Found a glowing silver altar of Zin.
  2252 | D:2      | Noticed Crazy Yiuf
  2258 | D:2      | Killed Crazy Yiuf
  2258 | D:2      | Reached skill level 4 in Fighting
  2258 | D:2      | Reached XP level 4. HP: 11/40 MP: 4/4
  2787 | D:3      | Noticed a bullfrog
  2797 | D:3      | Slain by a bullfrog

Skill      XL: |  1  2  3 |
---------------+----------+-----
Axes           | 3 |  3.8
Fighting       | 4 |  4.0
Dodging        | |  2.6
Shields        | |  3.7

Action                   |  1- 3 |  4- 6 || total
-------------------------+-------+-------++-------
Melee: War axe           |    78 |    18 ||    96
       Tailslap          |    15 |     1 ||    16
 Stab: Sleeping          |     2 |       ||     2
  Eat: Chunk             |     4 |       ||     4
Armor: Skin              |    25 |     1 ||    26
Dodge: Dodged            |    40 |    13 ||    53
Block: Medium shield     |    30 |    10 ||    40
